[Event "Gibraltar Challengers B 2019"]
[Site "Caleta"]
[Date "2019.01.26"]
[Round "1"]
[White "Obiamiwe, Paul"]
[Black "Severijnen, Arjon"]
[Result "0-1"]
[ECO "A34"]
[WhiteElo "1903"]
[BlackElo "2120"]
[Annotator "NA"]
[PlyCount "104"]
[EventDate "2019.01.18"]
[EventType "swiss"]
[EventCountry "GGB"]
[SourceTitle "playchess.com"]
[Source "ChessBase"]
[SourceQuality "1"]
[TimeControl "6600+10"]

1. Nf3 d5 2. d4 c5 3. c4 Nf6 4. Nc3 cxd4 5. Nxd4 {[%emt 0:00:49] A34: Symmetrical English: 2 Nc3, lines with ...d5} (5. Nxd5 $11 Nxd5 6. cxd5 Qxd5 7. Qxd4 Qxd4 8. Nxd4 e5 9. Nb5 Bb4+ 10. Bd2 Bxd2+ 11. Kxd2 Na6 12. Rc1 Ke7 13. e4 {0-1 (42) Bosman,M (2389)-Warmerdam,M (2420) Netherlands 2018}) 5... e5 6. Nf3 d4 7. Nxe5 dxc3 8. Qxd8+ Kxd8 9. Nxf7+ Ke8 10. Nxh8 Bb4 11. b3 c2+ $146 ({Predecessor:} 11... Bf5 12. f3 Nc6 {0-1 (46) Chaury,F (2183)-Konson,K (2251) Baden 2003}) 12. Bd2 Ba3 13. f3 Bb2 14. Rc1 Bxc1 15. Bxc1 Nc6 16. Kd2 Be6 17. Kxc2 Kd7 18. Bb2 Rxh8 19. a3 b5 20. e4 bxc4 21. b4 Ke7 22. Be2 Rb8 23. Bc3 g5 24. Rb1 a6 25. a4 Nd7 26. b5 axb5 27. Rxb5 Rxb5 28. axb5 Na7 29. b6 Nxb6 30. Bd4 Nac8 31. g3 Nd7 32. Kc3 Nd6 33. Kb4 h5 34. h4 g4 35. fxg4 hxg4 36. h5 Nxe4 37. h6 Ndf6 38. Bxc4 Bxc4 39. Kxc4 Nxg3 40. Be5 Ngh5 41. Kd4 Kf7 42. Bb8 Kg6 43. Ke3 Kxh6 44. Kf2 Kg6 45. Kg1 Kf5 46. Bc7 Ke4 47. Bb8 Kf3 48. Bh2 Ne4 49. Kf1 Neg3+ 50. Kg1 Ne2+ 51. Kf1 Nhg3+ 52. Ke1 Kg2 0-1

[Event "Gibraltar Challengers B 2019"]
[Site "Caleta"]
[Date "2019.01.26"]
[Round "1"]
[White "Pereira Lopez, Aketza"]
[Black "Verneuil, Pascal"]
[Result "0-1"]
[ECO "B26"]
[WhiteElo "1861"]
[BlackElo "2114"]
[Annotator "NA"]
[PlyCount "78"]
[EventDate "2019.01.18"]
[EventType "swiss"]
[EventCountry "GGB"]
[SourceTitle "playchess.com"]
[Source "ChessBase"]
[SourceQuality "1"]
[TimeControl "6600+10"]

1. e4 c5 2. Nc3 Nc6 3. g3 g6 4. Bg2 Bg7 5. d3 Rb8 6. a4 a6 7. Be3 d6 {[%emt 0:00:30] LiveBook: 26 Games} 8. Nge2 {[%emt 0:05:42] B26: Closed Sicilian: 3 g3, lines with early Be3} Nd4 9. O-O h5 10. h3 b5 11. axb5 axb5 12. Qd2 $146 ({Predecessor:} 12. f4 b4 13. Bxd4 cxd4 14. Nb1 e6 15. Nd2 Ne7 {0-1 (31) Piay Garcia,A (1922)-Strikovic,A (2557) Marrakesh 2010}) 12... Bxh3 13. Bxd4 cxd4 14. Bxh3 dxc3 15. bxc3 b4 16. d4 bxc3 17. Qxc3 Nf6 18. Qc6+ Kf8 19. f3 Bh6 20. Rfb1 Kg7 21. Rb7 h4 22. Raa7 Ng8 23. Kg2 hxg3 24. Nxg3 Bg5 25. Qd5 Bh4 26. e5 dxe5 27. Qxe5+ $18 {[%emt 0:01:10] Double Attack} Bf6 28. Qxb8 Qxd4 29. Rd7 Qh4 30. Bg4 Qh2+ 31. Kf1 Qxc2 32. Rac7 Qa2 33. Rc8 Qa1+ 34. Kg2 Be5 35. Qa7 Qb2+ 36. Qf2 Rh2+ 37. Kxh2 Qxf2+ 38. Kh1 Bxg3 39. Rxg8+ Kxg8 0-1

[Event "Gibraltar Challengers B 2019"]
[Site "Caleta"]
[Date "2019.01.26"]
[Round "1"]
[White "Fischer, Gerd"]
[Black "Bub, Volker"]
[Result "0-1"]
[ECO "E90"]
[WhiteElo "1845"]
[BlackElo "2108"]
[Annotator "NA"]
[PlyCount "67"]
[EventDate "2019.01.18"]
[EventType "swiss"]
[EventCountry "GGB"]
[SourceTitle "playchess.com"]
[Source "ChessBase"]
[SourceQuality "1"]
[TimeControl "6600+10"]

1. d4 Nf6 2. c4 g6 3. Nc3 Bg7 4. e4 d6 5. h3 O-O 6. Be3 e5 7. d5 Na6 8. Nf3 Nh5 9. g4 {[%emt 0:16:52] E90: King's Indian: Classical: Early deviations and 6 h3} (9. a3 c5 10. dxc6 bxc6 11. b4 f5 12. Qa4 c5 13. Rd1 Bb7 14. bxc5 f4 15. c6 fxe3 16. cxb7 exf2+ 17. Kd2 Nc5 18. bxa8=Q Qxa8 {0-1 (18) Kovalenko,I (2684)-Mamedov,R (2688) Tallinn 2016}) 9... Nf4 10. Ne2 $146 ({Predecessor:} 10. Qd2 f5 11. Nh2 Nc5 12. Bxc5 dxc5 13. O-O-O Kh8 14. Kb1 Bd7 15. Qe3 Qe7 16. Qg3 c6 {0-1 (30) Ahmedhanov,N (1795)-Lindborg,P (2161) Vaxjo 2016}) 10... Nxe2 11. Bxe2 Nc5 12. Nd2 a5 13. Qc2 a4 14. Nf1 Bd7 15. Ng3 c6 16. Qd2 cxd5 17. cxd5 Qa5 18. O-O-O Rfc8 19. Kb1 $11 Qxd2 20. Rxd2 Bf6 21. h4 Bd8 22. h5 Ba5 23. Rdd1 a3 24. Bxc5 Rxc5 25. Rc1 Rac8 26. hxg6 hxg6 27. f3 Bb4 28. Rhd1 axb2 29. Rxc5 Rxc5 30. Kxb2 Ba4 31. Rd3 Be1 32. Ra3 b5 33. Kb1 Rc2 34. Rd3 0-1

[Event "Gibraltar Challengers B 2019"]
[Site "Caleta"]
[Date "2019.01.26"]
[Round "1"]
[White "Teh, Wee Zhun"]
[Black "Havik, Victor"]
[Result "0-1"]
[ECO "E20"]
[WhiteElo "1818"]
[BlackElo "2088"]
[Annotator "NA"]
[PlyCount "70"]
[EventDate "2019.01.18"]
[EventType "swiss"]
[EventCountry "GGB"]
[SourceTitle "playchess.com"]
[Source "ChessBase"]
[SourceQuality "1"]
[TimeControl "6600+10"]

1. d4 Nf6 2. c4 e6 3. Nc3 Bb4 4. f3 c5 5. d5 d6 6. e4 O-O 7. Nge2 exd5 8. cxd5 Nbd7 {[%emt 0:00:57] E20: Nimzo-Indian: 4 g3 and 4 f3} (8... Nh5 9. g4 Qh4+ 10. Kd2 Nf6 11. Qe1 Qxe1+ 12. Kxe1 a6 13. Bf4 Ne8 14. Ng3 g6 15. Be2 Nd7 16. Rg1 {0-1 (52) Flom,G (2515)-Iturrizaga Bonelli,E (2652) Biel 2018}) 9. Ng3 Ne5 10. Be2 Bd7 11. O-O Re8 12. Bg5 h6 13. Bd2 a6 14. Qc2 $146 ({Predecessor:} 14. a3 Ba5 {0-1 (23) Brisson,P-Le Duigou,J France 1995}) 14... b5 15. f4 Ng6 16. Rae1 c4 17. h3 Bc5+ 18. Kh2 Rc8 19. Nd1 Qb6 20. Bf3 Nh4 21. Be2 Ng6 22. Bf3 b4 23. Nh5 $15 Bd4 24. Be3 Nxh5 25. Bxh5 b3 26. axb3 cxb3 27. Qb1 Rc2 28. Nc3 Bxe3 29. Bxg6 fxg6 30. e5 dxe5 31. fxe5 Rxe5 32. Qd1 Qd6 33. Kh1 Bxh3 34. Re2 Bg4 35. Qd3 Rh5# 0-1

[Event "Gibraltar Challengers B 2019"]
[Site "Caleta"]
[Date "2019.01.26"]
[Round "1"]
[White "Livesey, R Nigel"]
[Black "Diaz Mino, Pablo"]
[Result "0-1"]
[ECO "A45"]
[WhiteElo "1797"]
[BlackElo "2085"]
[Annotator "NA"]
[PlyCount "60"]
[EventDate "2019.01.18"]
[EventType "swiss"]
[EventCountry "GGB"]
[SourceTitle "playchess.com"]
[Source "ChessBase"]
[SourceQuality "1"]
[TimeControl "6600+10"]

1. d4 Nf6 2. Bf4 g6 3. Nc3 d5 4. e3 Bg7 5. h4 a6 6. a4 Nc6 7. Be2 h5 8. Qd2 Bf5 9. Rc1 Qd7 10. Nf3 Ng4 11. Ng5 f6 12. Nh3 Rd8 13. Bf3 e6 14. Ng1 O-O 15. Nge2 Rfe8 16. Kf1 Bf8 17. Bg3 Bb4 18. Nf4 Na5 19. Nd3 $15 Nc4 20. Qe2 Bxc3 21. bxc3 b6 22. Nf4 Qxa4 23. e4 dxe4 24. Bxg4 Bxg4 25. f3 exf3 26. gxf3 Bxf3 27. Qd3 Be4 28. Qe2 Bxh1 29. Nxg6 Qb5 30. Qxh5 Qxh5 0-1

[Event "Gibraltar Challengers B 2019"]
[Site "Caleta"]
[Date "2019.01.26"]
[Round "1"]
[White "Diaz Mino, Daniel"]
[Black "Broekman, Willem"]
[Result "0-1"]
[ECO "C01"]
[WhiteElo "1769"]
[BlackElo "2071"]
[Annotator "NA"]
[PlyCount "46"]
[EventDate "2019.01.18"]
[EventType "swiss"]
[EventCountry "GGB"]
[SourceTitle "playchess.com"]
[Source "ChessBase"]
[SourceQuality "1"]
[TimeControl "6600+10"]

1. e4 e6 2. d4 d5 3. exd5 exd5 4. Bd3 Bd6 5. Nf3 Ne7 6. c3 {[%emt 0:00:30] LiveBook: 6 Games} c6 {[%emt 0:01:35] C01: French: Exchange Variation} 7. O-O O-O (7... Bg4 8. Re1 Nd7 9. Nbd2 Bh5 10. Nf1 Bg6 11. Be2 Qc7 12. a4 O-O 13. Nh4 Be4 14. f3 Bg6 15. Nxg6 Nxg6 {½-½ (26) Nevednichy,V (2542)-Meier,G (2648) Batumi 2018}) 8. Qc2 h6 9. Re1 Bg4 10. Ne5 Bh5 11. f4 $146 ({Predecessor:} 11. f3 Bc7 12. Na3 Nd7 13. Bf4 Nxe5 14. Bxe5 Bg6 15. Bxc7 Qxc7 {0-1 (27) Zaskalski,P (1800)-Jedynak,R (2140) Augustow 1996}) 11... Nd7 12. Re3 f6 13. g4 fxe5 14. fxe5 Bxg4 15. Rg3 {[%emt 0:00:00] [#]} Nxe5 $1 16. dxe5 Bc5+ 17. Kg2 Rf2+ 18. Qxf2 Bxf2 19. Rxg4 h5 20. Rg5 Qb6 21. Nd2 Be1 22. Kh1 Rf8 23. Rg1 Qe3 $19 {[%emt 0:02:21] Double Attack} 0-1

[Event "Gibraltar Challengers B 2019"]
[Site "Caleta"]
[Date "2019.01.26"]
[Round "1"]
[White "Hng, Mei-Xian Eunice"]
[Black "Alami, Halim"]
[Result "0-1"]
[ECO "C42"]
[WhiteElo "1718"]
[BlackElo "2059"]
[Annotator "NA"]
[PlyCount "95"]
[EventDate "2019.01.18"]
[EventType "swiss"]
[EventCountry "GGB"]
[SourceTitle "playchess.com"]
[Source "ChessBase"]
[SourceQuality "1"]
[TimeControl "6600+10"]

1. e4 e5 2. Nf3 Nf6 3. Nxe5 d6 4. Nf3 Nxe4 5. Bc4 d5 6. Bb3 {[%emt 0:01:39] C42: Petroff Defence: 3 Nxe5 and unusual White 3rd moves} (6. Be2 Bc5 7. O-O O-O 8. d4 Bd6 9. c4 c6 10. c5 Bc7 11. Nc3 f5 12. Qb3 Kh8 13. Be3 h6 14. Nd2 f4 15. Ndxe4 dxe4 16. Bd2 f3 17. gxf3 exf3 18. Bd3 Qh4 {0-1 (18) Nguyen,M (1918)-Hoang,L (1944) Hai Phong 2018}) 6... c6 7. d3 Nf6 8. O-O Be7 $146 ({Predecessor:} 8... Bd6 9. Re1+ Be6 10. Nd4 Qd7 11. Qe2 O-O 12. Nxe6 Re8 13. Bg5 Rxe6 {0-1 (71) Davidsson,O (1379)-Sibashvili,D Budva 2013}) 9. h3 O-O 10. c3 Nbd7 11. Be3 Re8 12. a4 Nf8 13. Re1 Ng6 14. Nbd2 Nh5 15. Bc2 Nhf4 16. d4 Bd6 17. Nf1 Bd7 18. Ng3 Qf6 19. Bxf4 Nxf4 20. Nh2 Bxh3 21. Rxe8+ Rxe8 22. Bxh7+ Kxh7 23. Qc2+ Kg8 24. gxh3 Qh4 25. Qf5 Nxh3+ 26. Kg2 Nf4+ 27. Kh1 Re6 28. Qg4 Qxg4 29. Nxg4 Nd3 30. Nf5 Bf4 31. Kg2 g6 32. Nfe3 f5 33. Ne5 Nxe5 34. dxe5 Bxe5 35. Rd1 Re7 36. Kf3 Kf7 37. a5 Ke6 38. a6 g5 39. Nc2 g4+ 40. Kg2 c5 $19 ({Don't play} 40... bxa6 41. Nb4 $19) 41. Ne3 d4 42. cxd4 Bxd4 43. axb7 Rxb7 44. Nc4 Rb4 45. Na5 Rxb2 46. Re1+ Kf6 47. Nc4 Be3 48. Nxe3 0-1

[Event "Gibraltar Challengers B 2019"]
[Site "Caleta"]
[Date "2019.01.27"]
[Round "2"]
[White "Meszaros, Andras"]
[Black "Osuna Vega, Enrique"]
[Result "1-0"]
[ECO "A04"]
[WhiteElo "2226"]
[BlackElo "2116"]
[Annotator "NA"]
[PlyCount "89"]
[EventDate "2019.01.18"]
[EventType "swiss"]
[EventCountry "GGB"]
[SourceTitle "playchess.com"]
[Source "ChessBase"]
[SourceQuality "1"]
[TimeControl "6600+10"]

1. e4 e6 2. d3 c5 3. Nf3 Nc6 4. g3 g6 5. Bg2 Bg7 6. O-O Nge7 7. Re1 d6 8. c3 O-O {[%emt 0:00:52] LiveBook: 137 Games} 9. Bg5 {[%emt 0:02:35] A04: Unusual lines after 1 Nf3 and King's Indian Attack} (9. Na3 e5 10. Nc2 h6 11. b4 b6 12. Be3 Kh7 13. bxc5 bxc5 14. d4 exd4 15. cxd4 d5 16. exd5 Nxd5 17. dxc5 Nxe3 18. Nxe3 Bxa1 19. Qxa1 {½-½ (102) Lie,K (2533)-Ragger,M (2689) Norway 2016}) 9... h6 10. Be3 b6 11. Qd2 Kh7 12. d4 cxd4 $146 ({Predecessor:} 12... e5 13. Na3 Bg4 14. d5 Bxf3 15. Bxf3 Nb8 16. Bg2 Nd7 {½-½ (54) Malano,F (2050)-Frank,A (2020) Asti 1998}) 13. Nxd4 Ne5 14. Na3 Bb7 15. Rad1 d5 16. Qe2 Qc8 17. Ndb5 Qb8 $2 {[%emt 0:23:39] [#]} (17... dxe4 $11 18. Nd6 Qb8) 18. Bf4 $1 g5 19. Bxe5 $1 Qxe5 20. Qc2 d4 21. cxd4 Qb8 22. Nd6 Kg8 23. Nab5 Rd8 24. e5 Bxg2 25. Kxg2 Nd5 (25... a6 $16) 26. Qe4 a6 27. Nc3 Bf8 28. Nc4 Nxc3 29. bxc3 Qc7 30. Ne3 Bg7 31. c4 Rac8 32. Rb1 Rd7 33. d5 Bxe5 34. dxe6 fxe6 35. Ng4 Bg7 36. Qxe6+ Kh8 37. Rxb6 Re7 38. Qxe7 Qxb6 39. Re6 Qd4 $2 (39... Qc7 40. Qxc7 Rxc7 41. Rxa6 Kh7) 40. Nxh6 (40. Rg6 $142) 40... Qxc4 41. Nf7+ Kg8 42. Nxg5 Qd5+ 43. Ne4 Qxa2 44. Rg6 Qb2 45. Nf6+ 1-0

[Event "Gibraltar Challengers B 2019"]
[Site "Caleta"]
[Date "2019.01.27"]
[Round "2"]
[White "Dolzhikova, Olga"]
[Black "Hassomal Daswani, Birjkumar"]
[Result "1-0"]
[ECO "B22"]
[WhiteElo "2224"]
[BlackElo "2008"]
[Annotator "NA"]
[PlyCount "115"]
[EventDate "2019.01.18"]
[EventType "swiss"]
[EventCountry "GGB"]
[SourceTitle "playchess.com"]
[Source "ChessBase"]
[SourceQuality "1"]
[TimeControl "6600+10"]

1. e4 c5 2. c3 d5 3. exd5 Qxd5 4. d4 e6 5. Nf3 Nf6 6. Bd3 Be7 7. O-O O-O 8. Qe2 Nc6 9. Be3 cxd4 10. cxd4 b6 11. Nc3 Qd6 12. a3 Bb7 13. Rad1 Rac8 14. Bb1 Rfd8 {[%emt 0:01:41] LiveBook: 22 Games} 15. Rfe1 h6 {[%emt 0:00:40] B22: Sicilian: 2 c3} 16. h3 (16. Qc2 $14) 16... Bf8 17. Bc1 g6 $146 ({Predecessor:} 17... Nd5 18. Qe4 g6 19. Qg4 Nxc3 20. bxc3 {1-0 (48) Hasanzade,T (2377)-Guliev,L (2365) Baku 2017}) 18. Ba2 Ne7 19. Nb5 Qb8 20. Ne5 Ned5 21. Bb1 {[%emt 0:08:09] [#]} ({Don't blunder} 21. Nxf7 $2 Kxf7 22. Qxe6+ Kg7 $19) (21. Bd2 $11) 21... Rxc1 (21... a6 $1 $17 22. Nc3 Rxc3 23. bxc3 Nxc3) 22. Rxc1 Nf4 23. Qd2 Nxg2 24. Red1 g5 25. Rc7 Nh4 $1 26. Qe2 a6 27. Rxf7 axb5 $2 (27... Nf3+ $1 $14 28. Nxf3 Kxf7) 28. Rxf6 Bd5 (28... Qc7 $142 29. Ba2 Kg7 30. Rf7+ Qxf7 {[%mdl 64] Remove Defender}) 29. Qc2 (29. Qh5 $142 Qa7 30. Rf7) 29... Nf5 30. Rxf5 exf5 31. Qxf5 Qb7 32. Ng4 $2 (32. Rc1 $18 {has better winning chances.}) 32... Bg7 33. Qh7+ Kf8 34. Nxh6 Qd7 35. Nf5 Qf7 36. Qxg7+ (36. Re1 $18 {has better winning chances.} Qf6 37. Re7) 36... Qxg7 37. Nxg7 Kxg7 38. Bc2 Rc8 39. Bd3 Kf6 40. f3 Ke6 41. Kf2 Rf8 42. Re1+ Kd6 43. Re3 ({Weaker is} 43. Bxb5 Rxf3+ {[%mdl 64] Double Attack} 44. Kg1 Rg3+ 45. Kf1 Rxh3 $11) 43... Rf4 44. Be4 Be6 45. Rc3 Kd7 46. Ke3 Bc4 47. b3 Bf1 48. Rc1 Bxh3 49. Bc6+ Ke7 50. Bxb5 Be6 51. Bc4 Bd7 52. Rh1 Rf6 53. Rg1 b5 54. Bd3 Ra6 55. Ra1 Rc6 56. Kd2 Rd6 $18 (56... Rf6 {might work better.} 57. Be4 g4 58. fxg4 Rf4) 57. Kc3 Kf6 58. Rh1 1-0

[Event "Gibraltar Challengers B 2019"]
[Site "Caleta"]
[Date "2019.01.27"]
[Round "2"]
[White "Elishev, Ivan"]
[Black "Havik, Victor"]
[Result "1/2-1/2"]
[ECO "D00"]
[WhiteElo "2224"]
[BlackElo "2088"]
[Annotator "NA"]
[PlyCount "119"]
[EventDate "2019.01.18"]
[EventType "swiss"]
[EventCountry "GGB"]
[SourceTitle "playchess.com"]
[Source "ChessBase"]
[SourceQuality "1"]
[TimeControl "6600+10"]

1. d4 d5 2. Nc3 Bf5 3. f3 Nf6 4. g4 {[%emt 0:00:00] D00: 1 d4 d5: Unusual lines} Bg6 5. g5 (5. h4 h6 6. Nh3 c5 7. Nf4 Bh7 8. g5 cxd4 9. Qxd4 Nc6 10. Qg1 Nb4 11. gxf6 Nxc2+ {1-0 (30) Arman,D (2377)-Tikkanen,H (2504) Gothenburg 2017}) 5... Nh5 6. e4 e6 7. Be2 h6 (7... c5 $15) 8. f4 hxg5 9. f5 exf5 10. exf5 Bxf5 $146 ({Predecessor:} 10... Ng3 11. fxg6 Nxh1 12. gxf7+ Kxf7 {0-1 (47) Marzluf,D-Metz,U Baden-Baden 1991}) 11. Bxh5 g4 12. Qe2+ Qe7 13. Nxd5 Qxe2+ 14. Nxe2 Bd6 15. Ng3 Be6 16. Nf4 Bxf4 17. Bxf4 Nc6 (17... g6 $142 18. O-O-O (18. Bxc7 gxh5 19. O-O-O Bd5 $16) 18... gxh5) 18. O-O-O O-O-O 19. d5 Bxd5 20. Bxg4+ Kb8 21. Rhf1 Rxh2 22. Nf5 Rh7 23. Bf3 Bxf3 24. Rxd8+ Nxd8 25. Rxf3 Ne6 26. Be3 c5 (26... Kc8 $16 27. b3 (27. Bxa7 b6 $14) 27... b6) 27. Nd6 f6 28. Ne4 b6 29. Nxf6 gxf6 30. Rxf6 Nc7 31. Bf4 Kb7 32. c4 Na6 33. a3 Nb8 34. Bxb8 Kxb8 35. Kc2 Kb7 36. b4 Rh2+ 37. Kb3 cxb4 38. axb4 Rh7 39. b5 Rc7 40. Kc3 a6 41. bxa6+ Kxa6 42. Kb4 Rc5 43. Rf7 Re5 44. Rd7 Re1 45. Kc3 Rc1+ 46. Kb3 Re1 47. Kb4 Rb1+ 48. Kc3 Rc1+ 49. Kb3 Re1 50. Rf7 Rg1 51. Kc3 Rg3+ 52. Kb4 Rg1 53. Rf6 Rc1 54. Rh6 Rc2 55. Rh1 Rf2 56. Rh6 Rc2 57. Kb3 Rc1 58. Rh7 b5 59. Rh6+ Ka5 $11 60. cxb5 1/2-1/2

[Event "Gibraltar Challengers B 2019"]
[Site "Caleta"]
[Date "2019.01.27"]
[Round "2"]
[White "Pinho, Paulo"]
[Black "Cano Sevilla, Ivan"]
[Result "1-0"]
[ECO "E10"]
[WhiteElo "2205"]
[BlackElo "1950"]
[Annotator "NA"]
[PlyCount "53"]
[EventDate "2019.01.18"]
[EventType "swiss"]
[EventCountry "GGB"]
[SourceTitle "playchess.com"]
[Source "ChessBase"]
[SourceQuality "1"]
[TimeControl "6600+10"]

1. d4 Nf6 2. c4 e6 3. Nf3 c5 4. d5 b5 5. e4 Nxe4 {[%emt 0:00:22] E10: Blumenfeld Gambit} 6. Bd3 Nf6 7. Nc3 {[%emt 0:02:03] LiveBook: 9 Games} (7. O-O Bb7 8. Nc3 Be7 9. Nxb5 exd5 10. cxd5 d6 11. Nh4 O-O 12. Nf5 a6 13. Nc3 {½-½ (44) Vitiugov,N (2724)-Kvon,A (2500) Helsingor 2017}) 7... b4 $146 ({Predecessor:} 7... bxc4 $11 {remains equal.} 8. Bxc4 Ba6 9. Bxa6 Nxa6 10. O-O Nb4 11. Bg5 h6 12. Bxf6 Qxf6 13. Re1 {1-0 (39) Tari,A (2571)-Antipov,M (2584) Izmir 2016}) 8. Ne4 d6 (8... a5 $1 $14) 9. Nxf6+ gxf6 10. dxe6 fxe6 (10... Bxe6 $16 11. Be4 Nd7) 11. Be4 d5 12. cxd5 Bb7 13. Ne5 fxe5 14. Qh5+ Kd7 15. Bg5 Be7 {[%emt 0:05:41] [#]} 16. Qf7 $1 exd5 17. Bf5+ Kc6 $2 (17... Kc7 {was called for.} 18. Bxe7 Qe8) 18. Bxe7 Qg8 (18... Qc7 $142 19. a4 Rd8 20. Qxh7 Na6) 19. Qf6+ {[%emt 0:00:28] Double Attack} Kb5 20. Qd6 Na6 21. a3 Qxg2 22. a4+ Kc4 23. Ke2 e4 24. b3+ Kxb3 25. Rhb1+ Kc2 26. Qf4 Qf3+ 27. Qxf3 {[%emt 0:00:07] Kb3 [%emt 00:00:18]} 1-0

[Event "Gibraltar Challengers B 2019"]
[Site "Caleta"]
[Date "2019.01.27"]
[Round "2"]
[White "Lucas Vega, Ivan"]
[Black "Spacapan, Simon"]
[Result "0-1"]
[ECO "B23"]
[WhiteElo "2203"]
[BlackElo "2061"]
[Annotator "NA"]
[PlyCount "68"]
[EventDate "2019.01.18"]
[EventType "swiss"]
[EventCountry "GGB"]
[SourceTitle "playchess.com"]
[Source "ChessBase"]
[SourceQuality "1"]
[TimeControl "6600+10"]

1. e4 c5 2. Nc3 d6 3. f4 a6 4. Nf3 Nf6 {[%emt 0:00:31] LiveBook: 33 Games B23: Closed Sicilian: Lines without g3} (4... Nc6 5. d3 g6 6. g3 Bg7 7. Bg2 f5 8. O-O Nh6 9. exf5 Nxf5 10. Ne4 O-O 11. c3 Kh8 12. g4 Nh6 {1-0 (34) Petrosian,T (2648)-Dziuba,M (2602) Warsaw 2012}) 5. d3 e6 6. g3 Be7 7. Bg2 O-O 8. O-O b5 9. h3 Bb7 10. g4 Nbd7 11. Ne2 Ne8 $146 ({Predecessor:} 11... Nb6 12. f5 exf5 13. exf5 Nfd7 14. Nf4 Nd5 15. Nh5 N5f6 16. Nf4 Nd5 17. Nh5 N5f6 18. Nf4 {½-½ (18) Korevand,S (1938)-Moradi,S (1951) Rasht 2014}) 12. Ng3 d5 13. e5 d4 14. Qe2 Nc7 15. Bd2 Nb6 (15... Nd5 $11) 16. Ne4 Nbd5 17. Nh2 Rc8 18. g5 Kh8 19. Qh5 Ba8 20. Ng4 c4 21. Be1 (21. Rad1 $11) 21... Ne8 $2 (21... cxd3 $17 {and life is bright.} 22. cxd3 Ne3 23. Nxe3 dxe3) 22. Qh4 $2 (22. f5 $1 $11 {and White stays safe.} exf5 23. Rxf5) 22... cxd3 23. cxd3 Rc2 24. f5 exf5 ({Stronger than} 24... Rxb2 25. f6 $16) 25. Rxf5 Ne3 {[%emt 0:05:09] Double Attack} (25... Rxb2 $2 26. Rf2 $19) 26. Nxe3 dxe3 27. Rd1 Rxb2 28. Bc3 Rxa2 29. Rf3 b4 30. Ba1 e2 31. Re1 Rxa1 32. Rxa1 Qd4+ 33. Kh2 $19 Qxa1 34. Nf6 Qxe5+ 0-1

[Event "Gibraltar Challengers B 2019"]
[Site "Caleta"]
[Date "2019.01.27"]
[Round "2"]
[White "Pavlov, Egor"]
[Black "Alami, Halim"]
[Result "1/2-1/2"]
[ECO "E07"]
[WhiteElo "2187"]
[BlackElo "2059"]
[Annotator "NA"]
[PlyCount "83"]
[EventDate "2019.01.18"]
[EventType "swiss"]
[EventCountry "GGB"]
[SourceTitle "playchess.com"]
[Source "ChessBase"]
[SourceQuality "1"]
[TimeControl "6600+10"]

1. d4 d5 2. c4 e6 3. Nf3 c6 4. Nbd2 f5 5. g3 Nf6 6. Bg2 Be7 7. O-O O-O 8. b3 Ne4 9. Bb2 Nd7 10. Ne5 {[%emt 0:02:56] E07: Closed Catalan: Main Line (5 Nf3 0-0 6 0-0 Nbd7)} (10. e3 Nd6 11. Qc2 Nf6 12. Ne5 Bd7 13. Nd3 Be8 14. Nf3 Nf7 15. a4 a5 16. c5 g5 17. Bc3 Bd7 {½-½ (26) Globus,O (2253)-Williams,S (2453) London 2017}) 10... Nxe5 11. dxe5 Nxd2 12. Qxd2 dxc4 13. Qc2 cxb3 14. axb3 Qc7 $146 ({Predecessor:} 14... Bd7 15. Rfd1 Qc8 16. Qd3 Rd8 17. Qc4 Be8 18. Rxd8 Bxd8 {0-1 (57) Vydeslaver,A-Len,I (2105) Ramat Aviv 2004}) 15. e4 f4 16. gxf4 Rxf4 17. Bd4 b6 18. Be3 Rf7 19. f4 Bd7 20. Kh1 Raf8 21. Rfd1 Bc8 22. Bh3 a5 23. Qc4 b5 24. Qc3 Bb4 25. Qc2 Kh8 26. Rac1 Bd7 27. Qe2 Qb7 28. Qh5 c5 29. Bg2 Bc6 30. Qf3 g6 31. Rd6 Ba3 32. Rxe6 (32. Rc3 $17) 32... Bxc1 33. Bxc1 Rd7 34. Rd6 Rxd6 35. exd6 Re8 $2 ({Black should try} 35... Qg7 $19 36. Qf2 Qa1) 36. Bb2+ Kg8 37. Qc3 Bxe4 38. Qh8+ Kf7 39. Qf6+ $1 ({Don't play} 39. Qxh7+ Ke6 $17) 39... Kg8 40. Qh8+ Kf7 41. Qf6+ $11 Kg8 42. Qh8+ 1/2-1/2

[Event "Gibraltar Challengers B 2019"]
[Site "Caleta"]
[Date "2019.01.27"]
[Round "2"]
[White "Orndahl, Markus"]
[Black "Hamer, Martyn"]
[Result "1-0"]
[ECO "C26"]
[WhiteElo "2173"]
[BlackElo "2046"]
[Annotator "NA"]
[PlyCount "101"]
[EventDate "2019.01.18"]
[EventType "swiss"]
[EventCountry "GGB"]
[SourceTitle "playchess.com"]
[Source "ChessBase"]
[SourceQuality "1"]
[TimeControl "6600+10"]

1. e4 e5 2. Nc3 Nf6 3. g3 Nc6 4. Bg2 Bc5 5. d3 O-O 6. Nge2 a6 7. O-O d6 8. h3 Nd4 {[%emt 0:04:37] C26: Vienna Game: 2...Nf6, sidelines} (8... Be6 9. Kh2 d5 10. Bg5 dxe4 11. Nxe4 Be7 12. Bxf6 Bxf6 13. f4 Be7 14. f5 Bd7 15. f6 gxf6 16. g4 f5 17. gxf5 {1-0 (32) Mamedov,R (2709)-Alekseev,E (2616) Riadh 2017}) 9. Kh2 {[%emt 0:06:22] LiveBook: 10 Games} Re8 10. f4 Nxe2 $146 ({Predecessor:} 10... Qe7 11. f5 Bd7 12. g4 h6 13. Ng3 c6 14. g5 hxg5 15. Bxg5 {1-0 (61) Martin Molinero,R (2318)-Danzanvilliers,P (2315) ICCF email 2008}) 11. Nxe2 exf4 12. Nxf4 Bb6 13. Qf3 Qe7 14. Bd2 c6 15. Bc3 Bd8 16. Rae1 Be6 17. Re2 Qd7 18. Ref2 a5 19. a4 Rf8 20. Kh1 d5 21. e5 Ne8 22. Kh2 Nc7 23. Bd4 Be7 24. Qe3 Na6 25. Nh5 Kh8 26. b3 c5 27. Bb2 Nc7 28. c4 Rad8 29. Bc1 dxc4 (29... Ne8 $16 {was worth a try.}) 30. dxc4 Qd3 {[%emt 0:01:08] [#]} 31. Qxd3 $1 ({Worse is} 31. Bxb7 Qxe3 32. Bxe3 Rd3 $11) 31... Rxd3 32. Nf4 Rxb3 33. Nxe6 Nxe6 34. Rxf7 Re8 35. Bd5 Rb6 36. h4 h6 37. Kh3 g5 38. Be4 Kg8 39. h5 Bf8 40. Bh7+ Kh8 41. Bg6 Rd8 42. Be4 Bg7 43. Bd5 Nd4 $18 44. Re7 Rf8 45. Rxf8+ Bxf8 46. Re8 Kg7 47. Ra8 Rb3 48. Bd2 Rd3 49. Bxa5 Nf5 50. Be4 Rxg3+ 51. Kh2 1-0